 Dungeon Crawl Stone Soup version 0.30.0-29-ga12c61a403 (webtiles) character file.

Game seed: 16332878003039266239

11048 belegose the Fighter (level 12, -1/89 HPs)
             Began as a Djinni Summoner on June 11, 2023.
             Was a High Priest of Makhleb.
             Slain by an orc knight
             ... wielding a +0 long sword
              (5 damage)
             ... on level 11 of the Dungeon on June 12, 2023.
             The game lasted 01:14:38 (16897 turns).

belegose the Fighter (Djinni Summoner)             Turns: 16897, Time: 01:14:39

Health: -1/89      AC: 11    Str: 11    XL:     12   Next: 2%
Gold:   527        EV: 13    Int: 23    God:    Makhleb [*****.] SH:  0 Dex: 15

rFire   + + .        b - +3 dagger (venom)
rCold   x . .        (no shield)
rNeg    . . .        Q - +0 acid dragon scales
rPois   ∞            D - +1 helmet
rElec   .            c - +0 cloak
rCorr   +            H - +0 pair of gloves
SInv    .            (boots unavailable)
Will    +....        (no amulet)
Stlth   +++          A - ring of resist corrosion
HPRegen 0.34/turn    i - +6 ring of intelligence
MPRegen 0.00/turn

%: infuse magic (-2 HP)
@: flying
A: sickness immunity, fire resistance 2, cold vulnerability 1, float, innate
caster, HP casting, extra vitality 1
a: Renounce Religion, Minor Destruction, Lesser Servant of Makhleb, Major
Destruction, Greater Servant of Makhleb


You were on level 11 of the Dungeon.
You worshipped Makhleb.
Makhleb was extremely pleased with you.
You visited 3 branches of the dungeon, and saw 16 of its levels.
You also visited: Sewer.

You collected 887 gold pieces.
You spent 360 gold pieces at shops.

Inventory:

Hand Weapons
 a - a +0 sling
 b - a +3 dagger of venom (weapon)
 j - a +2 falchion of electrocution
 M - a +2 double sword of draining
Missiles
 e - 86 poisoned darts (quivered)
 n - 17 boomerangs
 t - 3 curare-tipped darts
 N - 3 throwing nets
Armour
 c - a +0 cloak (worn)
 D - a +1 helmet (worn)
 H - a +0 pair of gloves (worn)
 Q - +0 acid dragon scales (worn)
Jewellery
 i - a +6 ring of intelligence (right hand)
 A - a ring of resist corrosion (left hand)
Wands
 m - a wand of roots (3)
 s - a wand of mindburst (12)
 F - a wand of acid (8)
 G - a wand of paralysis (12)
 I - a wand of flame (22)
 P - a wand of digging (8)
Scrolls
 f - 2 scrolls of fog {unknown}
 k - 6 scrolls of teleportation
 l - 4 scrolls of enchant weapon
 p - a scroll of butterflies {unknown}
 r - 2 scrolls of torment {unknown}
 x - 4 scrolls of poison
 y - a scroll of magic mapping {unknown}
 B - 3 scrolls of blinking {unknown}
 C - 2 scrolls of enchant armour {unknown}
 O - 3 scrolls of vulnerability {unknown}
Potions
 d - 6 potions of curing
 g - 2 potions of attraction
 h - 6 potions of lignification
 o - 2 potions of brilliance
 q - 4 potions of mutation
 u - 4 potions of haste
 v - 2 potions of invisibility
 w - 2 potions of might
 z - a potion of berserk rage
 J - a potion of cancellation
 L - a potion of heal wounds
Miscellaneous
 E - a lightning rod (4/4)
 K - a phial of floods


   Skills:
 - Level 9.0 Fighting
 + Level 0.7 Short Blades
 - Level 4.0 Armour
 + Level 5.5 Dodging
 - Level 5.0 Stealth
 + Level 8.1 Spellcasting
 + Level 6.5 Invocations
 - Level 7.0 Evocations


You knew the following spells:

 Your Spells              Type           Power      Damage    Failure   Level
a - Sandblast             Erth           92%        2d19      1%          1
b - Call Imp              Summ           92%        N/A       1%          2
c - Call Canine Familiar  Summ           46%        N/A       1%          3
d - Summon Guardian Gole  Hex/Summ       46%        N/A       1%          3
e - Summon Lightning Spi  Summ/Air       46%        N/A       3%          4
f - Summon Small Mammal   Summ           100%       N/A       1%          1
g - Ensorcelled Hibernat  Hex/Ice        92%        N/A       1%          2
h - Vampiric Draining     Necr           46%        2d9       1%          3
i - Flame Wave            Conj/Fire      46%        2d12      3%          4
j - Yara's Violent Unrav  Hex/Tmut       23%        3d10      10%         5
Your spell library was empty.

Dungeon Overview and Level Annotations

Branches:
Dungeon (13/15)            Temple (1/1) D:4            Lair (0/5) D:9
    Orc (2/2) D:11          Sewer (visited)
    Elf: Orc:2       Vaults: D:13-14

Altars:
Ashenzari
Cheibriados
Dithmenos
Elyvilon
Fedhas
Gozag
Hepliaklqana
Makhleb
Nemelex Xobeh
Okawaru
Qazlal
Ru
Trog
Uskayaw
Wu Jian
Xom
Yredelemnul
Zin
The Shining One

Shops:
D:4 *   D:6 ?   Orc:1 [

Annotations:
D:5 1 runed translucent door, exclusion: door
D:12 exclusions: manticore and skeletal warrior


Innate Abilities, Weirdness & Mutations

You are immune to sickness and miasma.
You are immune to poison.
Your flesh is very heat resistant. (rF++)
You are vulnerable to cold. (rC-)
You float through the air rather than walking.
You learn spells naturally, not from books.
Your magical power is your life essence.
You have superior vitality. (+4 MHP)


Message History

Your wolf disappears in a puff of smoke!
HP restored.
There is a staircase to the Orcish Mines here.
Unknown command.
You fly downwards.
Welcome back to the Orcish Mines!
The orc knight hits you but does no damage.
The orc knight hits you with a +0 long sword!
There is a staircase back to the Dungeon here.
Unknown command.
The orc knight hits you with a +0 long sword!!
You fly upwards.
Welcome back to the Dungeon!
There is a staircase to the Orcish Mines here.
The orc knight attacks as you move away!
The orc knight hits you with a +0 long sword!
Casting: Call Canine Familiar (safe; 1% risk of failure)
Confirm with . or Enter, or press ? or * to list all spells.
The orc knight hits you with a +0 long sword.
Casting: Call Canine Familiar (safe; 1% risk of failure)
Confirm with . or Enter, or press ? or * to list all spells.
A guardian golem appears, shielding your allies.
The orc knight hits you with a +0 long sword!
* * * LOW HITPOINT WARNING * * *
You swap places.
Your wolf bites the orc knight.
Your wolf bites the orc knight but does no damage.
Your wolf bites the orc knight but does no damage.
The orc knight misses you.
Your wolf closely misses the orc knight.
Your wolf bites the orc knight but does no damage.
The orc knight attacks as you move away!
The orc knight hits you with a +0 long sword!
* * * LOW HITPOINT WARNING * * *
Your wolf bites the orc knight.
Your wolf closely misses the orc knight.
The orc knight hits you with a +0 long sword.
* * * LOW HITPOINT WARNING * * *
Things that are here:
a +0 ring mail; a +0 dagger The orc knight attacks as you move away!
The orc knight hits you with a +0 long sword.
You die...

##### ##.# ###
##########################
#.~...#...................
#~....#..@............[...
###.........o......##.......
#.#.....[[.9h..............)
#!#.#...>.............)....#
#!#.#.....÷...........†....#
#!')#..........)............
############################


You could see an orc knight (ally target), a friendly guardian golem (summoned)
and a friendly wolf (summoned, sheltered).

Vanquished Creatures
  A two-headed ogre (D:11)
  A komodo dragon (D:11)
  A hornet (D:9)
  2 yaks (D:10)
  A water moccasin (D:8)
  A nameless horror (D:8)
  An ice beast (D:7)
  A black bear (D:4)
  6 kobold brigands
  2 bullfrogs (D:8)
  2 scorpions (D:4)
  A wight (D:6)
  2 killer bees
  2 hounds
  3 orc priests
  7 orc wizards
  A gnoll (D:5)
  8 adders
  3 river rats (Sewer)
  A white imp (D:5)
  5 worms
  2 dart slugs (D:1)
  38 orcs
  8 ball pythons
  2 bats
  11 endoplasms
  3 giant cockroaches
  10 hobgoblins
  4 jackals (D:2)
  3 quokkas
  3 frilled lizards (D:1)
  11 goblins
  8 kobolds
  6 rats
161 creatures vanquished.

Vanquished Creatures (collateral kills)
  A catoblepas (D:12)
  A two-headed ogre (D:10)
  8 yaks
  A wyvern (D:8)
  2 wraiths
  A steam dragon (D:6)
  A warg (D:11)
  An acid dragon (D:11)
  3 orc warriors (Orc:1)
  A swamp drake (D:11)
  3 ogres
  2 centaurs
  2 phantoms
  5 kobold brigands
  A scorpion (D:5)
  A wight (D:6)
  5 killer bees
  7 orc priests
  3 jellies
  A gnoll bouda (D:5)
  An iguana (D:7)
  13 orc wizards
  5 gnolls
  3 adders
  A white imp (D:7)
  An ufetubus (D:4)
  A worm (D:4)
  42 orcs
  3 goblins (D:1)
  A ball python (D:4)
  24 kobolds
  A rat (D:1)
146 creatures vanquished.

Vanquished Creatures (others)
  Sigmund (D:6)
  A wraith (D:9)
  A shadow (D:11)
  4 yaks (D:10)
  2 acid dragons
  A water moccasin (D:6)
  2 orc warriors (D:11)
  A sky beast (D:6)
  2 black bears (D:8)
  A centaur (D:6)
  An ogre (D:4)
  A kobold brigand (Sewer)
  A scorpion (D:5)
  2 wights (D:6)
  4 killer bees
  A gnoll bouda (D:5)
  An iguana (D:5)
  A sleepcap (D:6)
  A gnoll (D:6)
  3 orcs
32 creatures vanquished.

Grand Total: 339 creatures vanquished

Notes
Turn   | Place    | Note
-------+----------+-------------------------------------------
     0 | D:1      | belegose the Djinni Summoner began the quest for the Orb.
     0 | D:1      | belegose set off with the following spells memorised:
                  | Summon Small Mammal, Call Imp, Call Canine Familiar, Summon
                  | Guardian Golem, Summon Lightning Spire.
     0 | D:1      | Reached XP level 1. HP: 15/15 MP: 0/0
    99 | D:1      | Reached XP level 2. HP: 18/22 MP: 0/0
   408 | D:1      | Reached skill level 1 in Fighting
   573 | D:1      | Reached XP level 3. HP: 16/27 MP: 0/0
   573 | D:1      | Learned a level 1 spell: Sandblast
   628 | D:1      | Found a faded altar of an unknown god.
  1049 | D:2      | Identified the +1 pair of boots of the Butterfly {MP+9}
  1439 | D:2      | Reached XP level 4. HP: 32/32 MP: 0/0
  2179 | D:2      | Reached skill level 2 in Fighting
  2186 | D:3      | Reached XP level 5. HP: 24/38 MP: 0/0
  2186 | D:3      | Learned a level 2 spell: Ensorcelled Hibernation
  3046 | D:3      | Found an ornate altar of the Wu Jian Council.
  3216 | D:4      | Reached XP level 6. HP: 41/45 MP: 0/0
  3248 | D:4      | Found a glowing drain.
  3261 | Sewer    | Entered a sewer
  3385 | Sewer    | Reached skill level 3 in Fighting
  3385 | Sewer    | Reached skill level 1 in Armour
  3385 | Sewer    | Reached skill level 1 in Evocations
  3481 | Sewer    | Reached XP level 7. HP: 5/50 MP: 0/0
  3481 | Sewer    | Learned a level 3 spell: Vampiric Draining
  4157 | Sewer    | Reached skill level 4 in Fighting
  4181 | Sewer    | Reached XP level 8. HP: 44/58 MP: 0/0
  5021 | D:4      | Found a staircase to the Ecumenical Temple.
  5035 | Temple   | Entered the Ecumenical Temple
  5263 | Temple   | Became a worshipper of Makhleb the Destroyer
  5322 | D:4      | Found a glowing golden altar of the Shining One.
  5323 | D:4      | Found a glowing silver altar of Zin.
  5405 | D:4      | Found Usamiv's Elemental Accessories.
  5569 | D:4      | Reached skill level 1 in Invocations
  5693 | D:4      | Reached skill level 5 in Spellcasting
  5901 | D:5      | Entered Level 5 of the Dungeon
  6415 | D:5      | Reached skill level 5 in Fighting
  6767 | D:5      | Reached XP level 9. HP: 61/65 MP: 0/0
  6767 | D:5      | Learned a level 4 spell: Flame Wave
  6910 | D:5      | Found a runed translucent door.
  7186 | D:5      | Reached * piety under Makhleb
  7690 | D:6      | Noticed Sigmund
  8205 | D:6      | Killed Sigmund
  8206 | D:6      | Reached skill level 6 in Fighting
  8416 | D:6      | Found Hofir's Magic Scroll Shoppe.
  8646 | D:4      | Bought a lightning rod (4/4) for 360 gold pieces
  8987 | D:7      | Reached XP level 10. HP: 71/73 MP: 0/0
  8994 | D:7      | Reached ** piety under Makhleb
  9664 | D:7      | Reached skill level 7 in Fighting
 10392 | D:8      | Found a blossoming altar of Fedhas.
 10437 | D:8      | Found a sparkling altar of Nemelex Xobeh.
 10518 | D:8      | Found a shadowy altar of Dithmenos.
 10552 | D:8      | Reached skill level 5 in Evocations
 10764 | D:8      | Found a flagged portal.
 11225 | D:8      | Reached *** piety under Makhleb
 11830 | D:9      | Found a staircase to the Lair.
 11866 | D:9      | Found a snail-covered altar of Cheibriados.
 12590 | D:9      | Reached skill level 8 in Fighting
 13000 | D:10     | Entered Level 10 of the Dungeon
 13176 | D:10     | Noticed a two-headed ogre
 13182 | D:10     | Killed a two-headed ogre
 13183 | D:10     | Reached XP level 11. HP: 76/81 MP: 0/0
 13183 | D:10     | Learned a level 5 spell: Yara's Violent Unravelling
 13448 | D:10     | Reached skill level 5 in Stealth
 13493 | D:10     | You are sucked into a shaft and drop 3 floors!
 13740 | D:12     | Noticed a skeletal warrior
 13800 | D:12     | Noticed a catoblepas
 13866 | D:12     | Killed a catoblepas
 13867 | D:12     | Reached skill level 5 in Invocations
 14057 | D:12     | Noticed a manticore
 14249 | D:11     | Noticed a two-headed ogre
 14271 | D:11     | Killed a two-headed ogre
 14291 | D:11     | Reached **** piety under Makhleb
 14476 | D:10     | Reached skill level 9 in Fighting
 14861 | D:10     | Found an opulent altar of Gozag.
 15634 | D:11     | Found a staircase to the Orcish Mines.
 15658 | D:11     | Reached skill level 5 in Dodging
 15666 | D:11     | Reached ***** piety under Makhleb
 15742 | Orc:1    | Entered Level 1 of the Orcish Mines
 16078 | Orc:1    | Found Umni's Antique Armour Shoppe.
 16324 | Orc:2    | Entered Level 2 of the Orcish Mines
 16341 | Orc:1    | Reached XP level 12. HP: 38/89 MP: 0/0
 16896 | D:11     | HP: 4/89 [orc knight/+0 long sword (5)]
 16897 | D:11     | Slain by an orc knight

Illustrated notes

Levels and vault maps discovered:
D:1:      dpeg_arrival_castle, layout_basic, shapermc_ecumenical_altar_rom_forum
D:2:      layout_loops_ring, serial_rivers, chequers_serial_rivers_large_b,
          chequers_serial_rivers_micro_e, chequers_serial_rivers_marsh,
          chequers_serial_rivers_marsh, chequers_serial_rivers_micro_e
D:3:      layout_loops_ring, nzn_wu_jian_contemplation
D:4:      layout_loops_ring, nicolae_overflow_hidden_temple,
          gammafunk_temple_overflow_statue, minmay_temple_entry_poolview,
          cheibrodos_sewer_entry_drain, nicolae_elemental_shop
D:5:      layout_layer_cave, mainiacjoe_overflow_24_doors,
          chequers_serial_rivers_large_a, lightli_church_of_beogh
D:6:      layout_rooms, nicolae_wooded_promenade,
          chequers_serial_rivers_micro_e, uniq_sigmund
D:7:      layout_basic
D:8:      layout_basic, grunt_dithmenos_smoke_and_mirrors,
          mainiacjoe_overflow_alcove_1, overflow_temple_1_default,
          enter_bailey_5, eino_tiny_chamber
D:9:      layout_irregular_city, cheibriados_altar_1, lair_entry_dummy
D:10:     layout_loops_ring, mainiacjoe_overflow_paths, kennysheep_little_box
D:11:     layout_rooms, erik_orc_1
D:12:     layout_grid_maze
D:13:     layout_basic, skrybe_vaults_entry_preservation, serial_shops, shop,
          uniq_azrael
Temple:   minmay_temple_curvy_loop
Orc:1:    layout_caves, serial_shops, nicolae_shop_rolling_square,
          gammafunk_ghost_cemetery
Orc:2:    st_orc_elflike, layout_caves, nicolae_shop_vocational

Skill      XL: |  1  2  3  4  5  6  7  8  9 10 11 |
---------------+----------------------------------+-----
Fighting       | 1 2 3 4 5 6 8 9 |  9.0
Dodging        | 3 4 5 |  5.5
Spellcasting   | 4 5 6 7 8 |  8.1
Armour         | 1 2 3 4 |  4.0
Evocations     | 1 2 3 4 6 7 |  7.0
Invocations    | 2 4 6 |  6.5
Stealth        | 2 4 5 |  5.0
Short Blades   | |  0.7

Action                     |  1- 3 |  4- 6 |  7- 9 | 10-12 || total
---------------------------+-------+-------+-------+-------++-------
  Melee: Dagger            |    81 |   100 |    49 |    61 ||   291
         Punch             |     3 |     2 |     4 |     2 ||    11
         Short sword       |       |       |   128 |   136 ||   264
   Fire: Sling             |    14 |    75 |    15 |       ||   104
  Throw: Dart              |       |       |       |     8 ||     8
   Cast: Summon Small Mamm |    12 |       |       |       ||    12
         Call Canine Famil |       |     6 |    40 |    36 ||    82
         Summon Guardian G |       |       |    22 |    38 ||    60
         Sandblast         |       |       |     9 |    13 ||    22
         Call Imp          |       |       |     2 |     4 ||     6
         Summon Lightning  |       |       |     4 |    42 ||    46
         Flame Wave        |       |       |       |     3 ||     3
         Ensorcelled Hiber |       |       |       |     2 ||     2
  Evoke: Wand              |       |       |       |     1 ||     1
    Use: Potion            |       |       |     2 |     2 ||     4
         Scroll            |       |       |     9 |     9 ||    18
   Stab: Sleeping          |     3 |     1 |     5 |     3 ||    12
         Distracted        |       |       |     3 |     2 ||     5
 Armour: Robe              |    11 |    14 |    10 |    47 ||    82
         Acid dragon scale |       |       |       |    50 ||    50
  Dodge: Dodged            |    47 |    65 |   138 |   180 ||   430
